 Dungeon Sprint DCSS version 0.30.1-4-g462c640d31 (webtiles) character file.

Game seed: 781931441294280018

22580 Heoruswealwe the Ninja (level 12, -1/73 HPs)
             Began as a Spriggan Artificer on Aug 31, 2023.
             Was an Initiate of Gozag.
             Slain by the 27-headed Lernaean hydra (13 damage)
             ... in the Dungeon (Sprint I: "Red Sonja").
             The game lasted 01:09:34 (3808 turns).

Heoruswealwe the Ninja (Spriggan Artificer)         Turns: 3808, Time: 01:09:37

Health: -1/73      AC:  7    Str:  8    XL:     12   Next: 64%
Magic:  13/13      EV: 32    Int: 18    God:    Gozag
Gold:   457        SH:  5    Dex: 20    Spells: 11/11 levels left

rFire   + + .        a - +5 dagger (holy)
rCold   . . .        (no shield)
rNeg    . . .        c - +2 robe {rF+}
rPois   .            (helmet restricted)
rElec   +            h - +2 cloak of Eternity {rElec rCorr Int+5}
rCorr   +            (gloves unavailable)
SInv    +            (boots unavailable)
Will    +++..        i - amulet of reflection
Stlth   +++++        k - ring of protection from fire
HPRegen 0.32/turn    j - ring of willpower
MPRegen 0.13/turn

%: no teleportation, reflection
@: studying Fighting, slow
A: very small, no large weapons, unfitting armour, see invisible, speed 3
a: Renounce Religion, Potion Petition, Call Merchant, Bribe Branch


You were in the Dungeon.
You worshipped Gozag.
Gozag was aware of your devotion.
You visited 1 branch You collected 10028 gold pieces.
You spent 6776 gold pieces at shops.
You donated 32 gold pieces to Zin.
You paid 2763 gold pieces to Gozag.

Inventory:

Hand Weapons
 a - a +5 dagger of holy wrath (weapon)
 p - a +0 rapier
Armour
 c - a +2 robe of fire resistance (worn)
 e - a +0 cloak of poison resistance
 h - the +2 cloak of Eternity (worn) {rElec rCorr Int+5}
   (You bought it in a shop in the Dungeon)

   Int:       It affects your intelligence (+5).
   rElec:     It insulates you from electricity.
   rCorr:     It protects you from acid and corrosion.
 r - a scarf of invisibility
Jewellery
 i - an amulet of reflection (around neck)
 j - a ring of willpower (right hand)
 k - a ring of protection from fire (left hand)
Wands
 d - a wand of charming (6)
 w - a wand of roots (5)
Scrolls
 b - 2 scrolls of enchant weapon
 m - 2 scrolls of enchant armour
 n - 3 scrolls of blinking
 y - a scroll of identify
Potions
 f - 5 potions of curing
 g - 2 potions of flight
 l - 3 potions of haste
 o - a potion of resistance
 q - 3 potions of mutation
 s - a potion of invisibility
 t - 2 potions of might
 u - 2 potions of ambrosia
Miscellaneous
 v - a phantom mirror
 x - a phial of floods


   Skills:
 + Level 13.3 Fighting
 + Level 14.2 Short Blades
 + Level 17.0 Dodging
 O Level 27 Stealth
 * Level 21.8 Evocations


You had 11 spell levels left.
You didn't know any spells.
Your spell library contained the following spells:

 Spells                   Type           Power      Damage    Failure   Level
 Necrotise                Necr           0%         1d4       22%         1
 Vampiric Draining        Necr           0%         2d6       54%         3
 Agony                    Necr           0%         N/A       99%         5


Dungeon Overview and Level Annotations

Branches:
Dungeon (1/1)

Altars:
Cheibriados
Dithmenos
Elyvilon
Fedhas
Gozag
Hepliaklqana
Kikubaaqudgha
Makhleb
Nemelex Xobeh
Okawaru
Qazlal
Ru
Sif Muna
Trog
Uskayaw
Vehumet
Wu Jian
Xom
Yredelemnul
Zin
The Shining One
Jiyva
Lugonu

Shops:
D ?=[[![!:*:!*=:[:(:[=?=(*

Annotations:
D Lernaean hydra, Tiamat


Innate Abilities, Weirdness & Mutations

You are very small and have problems with some larger weapons.
You are too small for most types of armour.
You have supernaturally acute eyesight. (SInv)
You cover ground extremely quickly. (Speed+++)


Message History

You enter the shallow water.
Moving in this stuff is going to be slow.
Found 54 gold pieces.
Found 54 gold pieces.
Found 54 gold pieces.
The 27-headed Lernaean hydra comes into view.
Found 27 gold pieces.
A gargoyle comes into view. It is wielding a +0 flail.
Blink to where?
Press: ? - help, Dir - move target Splash!
Found 108 gold pieces.
As you read the scroll of blinking, it crumbles to dust.
The 27-headed Lernaean hydra roars deafeningly!
The hornet buzzes angrily.
The 27-headed Lernaean hydra bites you but does no damage.
You block the 27-headed Lernaean hydra's attack.
The 27-headed Lernaean hydra completely misses you.
The 27-headed Lernaean hydra bites you!
The 27-headed Lernaean hydra misses you.
The 27-headed Lernaean hydra barely misses you.
The 27-headed Lernaean hydra bites you. x2
You block the 27-headed Lernaean hydra's attack.
The 27-headed Lernaean hydra bites you!
The 27-headed Lernaean hydra completely misses you.
The 27-headed Lernaean hydra bites you.
The 27-headed Lernaean hydra misses you. x2
The 27-headed Lernaean hydra bites you!
The 27-headed Lernaean hydra completely misses you. x2
The 27-headed Lernaean hydra bites you!
The 27-headed Lernaean hydra barely misses you.
The 27-headed Lernaean hydra bites you but does no damage.
The 27-headed Lernaean hydra bites you.
* * * LOW HITPOINT WARNING * * *
The 27-headed Lernaean hydra bites you.
* * * LOW HITPOINT WARNING * * *
The 27-headed Lernaean hydra completely misses you.
The 27-headed Lernaean hydra bites you!
You die...
Your body crumbles into a pile of gold.

#.###.#.≈..#.§....=.....#$*
....#.###..#............#$*
....#.#.'..##..........##$*
.####'#.##'##..........#$$*
##....#.#~~~##........##$$*
...####,#~~~~##.....(##$$$*
.###,^,,#~~~~~########,,$$*
##,^,,**##~~~§#~~~~~#.°°,$*
,^,,,,*$$#'~~~'~@D~○○...,$*
^,,^,,#$$$##~~#~y~~°#~~~,,*
^,,,,,#$$$$######'###**~~~*
,,,^,,#$$$$*~~~~~≈≈≈~~**~~*
,,,,,,###****~~~~≈≈≈≈~~~~~*
^,,,,,+,,*,,+$$,~~~~9~~*~~*
,^,^,^*,,+,,*$$$$$$$$~~~*~*
*****************######****


You could see the 27-headed Lernaean hydra, a hornet and a gargoyle (wandering).

Vanquished Creatures
  A golden dragon (D)
  A shadow dragon (D)
  3 fire giants (D)
  A lorocyproca (D)
  A deep elf annihilator (D)
  A mummy priest (D)
  A hydra (D)
  2 centaur warriors (D)
  Sonja (D)
  A deep troll (D)
  A lindwurm (D)
  2 oklob plants (D)
  8 shining eyes (D)
  A merfolk siren (D)
  A demonic crawler (D)
  A gargoyle (D)
  7 unseen horrors (D)
  2 kobold demonologists (D)
  4 hornets (D)
  Sigmund (D)
  A slime creature (D)
  A yak (D)
  13 hogs (D)
  2 redbacks (D)
  7 floating eyes (D)
  An ogre (D)
  7 necrophages (D)
  8 jellies (D)
  Ijyb (D)
  A ballistomycete spore (D)
83 creatures vanquished.

Vanquished Creatures (collateral kills)
  A fire giant (D)
  A merfolk siren (D)
2 creatures vanquished.

Vanquished Creatures (others)
  3 demonic crawlers (D)
  A hellwing (D)
  A ballistomycete spore (D)
5 creatures vanquished.

Grand Total: 90 creatures vanquished

Notes
Turn   | Place    | Note
-------+----------+-------------------------------------------
     0 | D        | Heoruswealwe the Spriggan Artificer began the quest for the
                  | Orb.
     0 | D        | Reached XP level 1. HP: 9/9 MP: 2/2
     1 | D        | Noticed Ijyb
     2 | D        | Killed Ijyb
     3 | D        | Reached skill level 9 in Stealth
     3 | D        | Reached XP level 2. HP: 14/14 MP: 3/3
    12 | D        | Noticed an ogre
    15 | D        | Killed an ogre
    16 | D        | Reached skill level 14 in Stealth
    16 | D        | Reached XP level 3. HP: 17/17 MP: 4/4
    16 | D        | Reached XP level 4. HP: 21/21 MP: 5/5
    24 | D        | Noticed Sigmund
    27 | D        | Killed Sigmund
    28 | D        | Reached skill level 18 in Stealth
    28 | D        | Reached XP level 5. HP: 25/25 MP: 6/6
    28 | D        | Reached XP level 6. HP: 29/29 MP: 7/7
    39 | D        | Found an ornate altar of the Wu Jian Council.
    39 | D        | Found a shimmering blue altar of Sif Muna.
    41 | D        | Found a radiant altar of Vehumet.
    46 | D        | Reached skill level 19 in Stealth
    76 | D        | Found Nauzxun's Antique Armour Emporium.
    76 | D        | Found an ancient bone altar of Kikubaaqudgha.
    76 | D        | Found a hazy altar of Hepliaklqana.
    76 | D        | Found a stormy altar of Qazlal.
    76 | D        | Found a hide-covered altar of Uskayaw.
    76 | D        | Found a blossoming altar of Fedhas.
    76 | D        | Found a bloodstained altar of Trog.
    76 | D        | Found an iron altar of Okawaru.
    76 | D        | Found a basalt altar of Yredelemnul.
    76 | D        | Found a glowing golden altar of the Shining One.
    76 | D        | Found a snail-covered altar of Cheibriados.
    76 | D        | Found a sacrificial altar of Ru.
    76 | D        | Found a glowing silver altar of Zin.
    76 | D        | Found a shadowy altar of Dithmenos.
    76 | D        | Found a white marble altar of Elyvilon.
    76 | D        | Noticed a yak
    77 | D        | Found an opulent altar of Gozag.
    78 | D        | Killed a yak
    79 | D        | Reached skill level 21 in Stealth
    79 | D        | Found a sparkling altar of Nemelex Xobeh.
    84 | D        | Became a worshipper of Zin the Law-Giver
    84 | D        | Reached * piety under Zin
    84 | D        | Reached ** piety under Zin
    84 | D        | Reached *** piety under Zin
    84 | D        | Reached **** piety under Zin
    84 | D        | Reached ***** piety under Zin
    84 | D        | Reached ****** piety under Zin
    93 | D        | Noticed Sonja
    97 | D        | Killed Sonja
    98 | D        | Reached skill level 25 in Stealth
    98 | D        | Reached XP level 7. HP: 32/32 MP: 8/8
   114 | D        | Found Qawnos's Magic Scroll Boutique.
   124 | D        | Noticed a shining eye
   124 | D        | Noticed a shining eye
   124 | D        | Noticed a shining eye
   124 | D        | Noticed a shining eye
   124 | D        | Noticed a shining eye
   124 | D        | Noticed a shining eye
   126 | D        | Paralysed by a floating eye for 3 turns
   133 | D        | Reached XP level 8. HP: 37/37 MP: 9/9
   133 | D        | Paralysed by a floating eye for 3 turns
   139 | D        | Reached skill level 1 in Fighting
   139 | D        | Reached skill level 1 in Short Blades
   158 | D        | Killed a shining eye
   159 | D        | Reached skill level 5 in Dodging
   159 | D        | Reached skill level 5 in Evocations
   178 | D        | Killed a shining eye
   179 | D        | Reached skill level 26 in Stealth
   201 | D        | Killed a shining eye
   202 | D        | Reached skill level 5 in Short Blades
   202 | D        | Reached XP level 9. HP: 45/45 MP: 10/10
   203 | D        | Noticed a shining eye
   203 | D        | Noticed a shining eye
   213 | D        | Killed a shining eye
   219 | D        | Killed a shining eye
   220 | D        | Reached skill level 5 in Fighting
   239 | D        | Killed a shining eye
   240 | D        | Reached skill level 27 in Stealth
   259 | D        | Killed a shining eye
   260 | D        | Reached skill level 10 in Evocations
   260 | D        | Reached XP level 10. HP: 53/53 MP: 11/11
   275 | D        | Killed a shining eye
   276 | D        | Reached skill level 10 in Dodging
   294 | D        | Fell from the grace of Zin
   294 | D        | Became a worshipper of Gozag Ym Sagoz the Greedy
   413 | D        | Noticed a deep troll
   434 | D        | Killed a deep troll
   459 | D        | Found Zukarit's Armour Emporium.
   500 | D        | Found Ceetir's Distillery.
   500 | D        | Found Hint's Jewellery Shoppe.
   500 | D        | Found Cerank's Armour Boutique.
   500 | D        | Found Sifuasoh's Antique Armour Emporium.
   544 | D        | Found a burning altar of Makhleb.
   544 | D        | Found a viscous altar of Jiyva.
   544 | D        | Found a shimmering altar of Xom.
   544 | D        | Found a corrupted altar of Lugonu.
   601 | D        | Bought a glowing robe for 81 gold pieces
   601 | D        | Bought a polished cloak for 209 gold pieces
   601 | D        | Identified the +2 cloak of Eternity {rElec rCorr Int+5}
                  | (You bought it in a shop in the Dungeon)
   709 | D        | Noticed a centaur warrior
   710 | D        | Noticed a centaur warrior
   713 | D        | Killed a centaur warrior
   715 | D        | Killed a centaur warrior
   748 | D        | Noticed an oklob plant
   750 | D        | Killed an oklob plant
   751 | D        | Reached skill level 10 in Short Blades
   974 | D        | Reached XP level 11. HP: 60/60 MP: 12/12
  1037 | D        | Reached skill level 15 in Evocations
  1284 | D        | Found Pomu's Book Shoppe.
  1284 | D        | Found Vostrapi's Distillery.
  1284 | D        | Found Cagom's Assorted Antiques.
  1290 | D        | Found Noalish's Weapon Boutique.
  1290 | D        | Found Ufylulin's Jewellery Emporium.
  1290 | D        | Found Qimpaewyri's Book Emporium.
  1292 | D        | Found Fonovu's Distillery.
  1292 | D        | Found Ukaf's Book Shoppe.
  1292 | D        | Found Juac's Antique Armour Shop.
  1292 | D        | Found Asmawn's Book Emporium.
  1292 | D        | Found Xaucwiof's Jewellery Boutique.
  1292 | D        | Found Veymebea's General Store.
  1292 | D        | Found Caashig's Distillery.
  1297 | D        | Bought a +0 rapier for 52 gold pieces
  1298 | D        | Bought a manual of Fighting for 880 gold pieces
  1298 | D        | Found Mafeis's Book Emporium.
  1301 | D        | Bought a shadowed robe for 176 gold pieces
  1301 | D        | Identified the +0 robe of the Learner {-Tele rC- Str+8
                  | Stlth+} (You bought it in a shop in the Dungeon)
  1307 | D        | Bought a scroll labelled ARERHOOTIG for 32 gold pieces
  1307 | D        | Bought a scroll labelled HEOTUA GISI for 32 gold pieces
  1307 | D        | Bought a scroll labelled SAUTTO HEFUI for 32 gold pieces
  1307 | D        | Bought a scroll labelled UDUNUC ACANT for 32 gold pieces
  1307 | D        | Bought a fizzy clear potion for 28 gold pieces
  1307 | D        | Bought a scroll labelled SAUTTO HEFUI for 32 gold pieces
  1329 | D        | Bought a scroll of identify for 20 gold pieces
  1329 | D        | Bought a scroll of identify for 20 gold pieces
  1329 | D        | Bought a scroll of identify for 20 gold pieces
  1437 | D        | Bought a scroll of blinking for 97 gold pieces
  1437 | D        | Bought a scroll of blinking for 97 gold pieces
  1437 | D        | Bought a scroll of blinking for 97 gold pieces
  1437 | D        | Bought a scroll of immolation for 52 gold pieces
  1437 | D        | Bought a scroll of amnesia for 52 gold pieces
  1437 | D        | Bought a scroll of torment for 123 gold pieces
  1437 | D        | Bought a scroll of vulnerability for 52 gold pieces
  1477 | D        | Bought a potion of degeneration for 11 gold pieces
  1477 | D        | Bought a potion of curing for 33 gold pieces
  1477 | D        | Bought a potion of mutation for 88 gold pieces
  1477 | D        | Bought a potion of curing for 33 gold pieces
  1477 | D        | Bought a potion of curing for 33 gold pieces
  1477 | D        | Bought a potion of curing for 33 gold pieces
  1477 | D        | Bought a potion of mutation for 88 gold pieces
  1491 | D        | Bought a ring of protection from fire for 350 gold pieces
  1572 | D        | Bought a potion of haste for 100 gold pieces
  1572 | D        | Bought a potion of resistance for 100 gold pieces
  1572 | D        | Bought a potion of curing for 30 gold pieces
  1572 | D        | Bought a potion of haste for 100 gold pieces
  1572 | D        | Bought a potion of curing for 30 gold pieces
  1572 | D        | Bought a potion of might for 40 gold pieces
  1928 | D        | Bought a potion of flight for 30 gold pieces
  1928 | D        | Bought a potion of attraction for 30 gold pieces
  1928 | D        | Bought a potion of lignification for 30 gold pieces
  1933 | D        | Bought a scroll of blinking for 75 gold pieces
  1938 | D        | Bought a potion of invisibility for 88 gold pieces
  1938 | D        | Bought a potion of might for 44 gold pieces
  1938 | D        | Bought a potion of curing for 33 gold pieces
  1938 | D        | Bought a potion of might for 44 gold pieces
  1938 | D        | Bought a potion of might for 44 gold pieces
  1938 | D        | Bought 2 potions of heal wounds for 110 gold pieces
  1942 | D        | Bought a potion of mutation for 104 gold pieces
  2044 | D        | Noticed a lindwurm
  2046 | D        | Killed a lindwurm
  2176 | D        | Bought a potion of curing for 39 gold pieces
  2176 | D        | Bought a potion of heal wounds for 65 gold pieces
  2176 | D        | Bought a potion of haste for 130 gold pieces
  2176 | D        | Bought a potion of invisibility for 104 gold pieces
  2176 | D        | Bought a potion of haste for 130 gold pieces
  2176 | D        | Bought a potion of curing for 39 gold pieces
  2176 | D        | Bought a potion of ambrosia for 104 gold pieces
  2176 | D        | Bought a potion of brilliance for 52 gold pieces
  2187 | D        | Bought a scroll of blinking for 240 gold pieces
  2407 | D        | Noticed a lorocyproca
  2449 | D        | Killed a lorocyproca
  2450 | D        | Reached skill level 10 in Fighting
  2853 | D        | Bought a potion of haste for 320 gold pieces
  2853 | D        | Bought a scroll of blinking for 240 gold pieces
  2863 | D        | Bought an amulet of reflection for 390 gold pieces
  2963 | D        | Noticed a 12-headed hydra
  2965 | D        | Killed a 12-headed hydra
  3042 | D        | Noticed a shadow dragon
  3047 | D        | Noticed a golden dragon
  3048 | D        | Killed a golden dragon
  3049 | D        | Reached skill level 15 in Dodging
  3049 | D        | Killed a shadow dragon
  3050 | D        | Reached XP level 12. HP: 70/70 MP: 13/13
  3131 | D        | Found Zamobbub's Weapon Shoppe.
  3156 | D        | Bought a phial of floods for 640 gold pieces
  3196 | D        | Noticed a daeva
  3249 | D        | Noticed a fire giant
  3252 | D        | Noticed a fire giant
  3253 | D        | Noticed a fire giant
  3254 | D        | Noticed a fire giant
  3256 | D        | Killed a fire giant
  3280 | D        | Killed a fire giant
  3287 | D        | Killed a fire giant
  3287 | D        | Found the +4 dragonskin cloak
  3287 | D        | Noticed Tiamat
  3564 | D        | Bought a scroll of enchant weapon for 112 gold pieces
  3564 | D        | Bought a scroll of enchant weapon for 112 gold pieces
  3564 | D        | Bought a scroll of blinking for 112 gold pieces
  3564 | D        | Bought a scroll of identify for 30 gold pieces
  3571 | D        | Noticed a deep elf annihilator
  3601 | D        | Noticed a mummy priest
  3612 | D        | Killed a deep elf annihilator
  3633 | D        | Killed a mummy priest
  3807 | D        | Noticed the 27-headed Lernaean hydra
  3808 | D        | Slain by the 27-headed Lernaean hydra

Illustrated notes

Levels and vault maps discovered:
D:        dungeon_sprint_1 [red_sonja_temple_1, red_sonja_temple_small_1]

Skill      XL: |  1  2  3  4  5  6  7  8  9 10 11 12 |
---------------+-------------------------------------+-----
Stealth        | 9 14 18 25 26 27 | 27.0
Fighting       | 4 5 7 11 13 | 13.3
Short Blades   | 5 7 10 12 14 | 14.2
Dodging        | 7 9 12 15 17 | 17.0
Evocations     | 7 10 14 19 21 | 21.8

Action                     |  1- 3 |  4- 6 |  7- 9 | 10-12 || total
---------------------------+-------+-------+-------+-------++-------
  Melee: Dagger            |     1 |     4 |   112 |   273 ||   390
         Punch             |       |       |     5 |     4 ||     9
 Invoke: Call Merchant     |       |       |       |     3 ||     3
  Evoke: Wand              |     1 |       |       |    33 ||    34
         Phial of floods   |       |       |       |     1 ||     1
    Use: Potion            |       |       |       |    24 ||    24
         Scroll            |       |       |       |    11 ||    11
   Stab: Sleeping          |     1 |     4 |     4 |    34 ||    43
         Distracted        |       |       |       |     3 ||     3
         Invisible         |       |       |       |     4 ||     4
 Armour: Robe              |       |       |       |    17 ||    17
  Dodge: Dodged            |       |       |       |   221 ||   221
  Block: Other             |       |       |       |    24 ||    24
